 Dungeon Crawl Stone Soup version 0.29.1 (webtiles) character file.

Game seed: 5283548678214696778

22 pacmanke6689 the Firebug (level 2, -4/20 HPs)
             Began as a Hill Orc Fire Elementalist on Sept 15, 2022.
             Slain by a worm (8 damage)
             ... on level 2 of the Dungeon.
             The game lasted 00:03:43 (1194 turns).

pacmanke6689 the Firebug (HOFE)                     Turns: 1194, Time: 00:03:43

Health: -4/20      AC:  9    Str: 10    XL:     2   Next: 91%
Magic:  0/4        EV: 12    Int: 15    God:
Gold:   84         SH:  0    Dex: 11    Spells: 3/4 levels left

rFire   . . .      SeeInvis .   (no weapon)
rCold   . . .      Faith    .   (no shield)
rNeg    . . .      Spirit   .   d - +3 scale mail
rPois   .          Reflect  .   (no helmet)
rElec   .          Harm     .   (no cloak)
rCorr   .          Rampage  .   (no gloves)
Will    .....                   (no boots)
Stlth   ..........              (no amulet)
HPRegen 0.06/turn               b - +4 ring of evasion
MPRegen 0.09/turn               (no ring)

@: no status effects
A: no striking features
a: no special abilities


You were on level 2 of the Dungeon.
You visited 1 branch of the dungeon, and saw 2 of its levels.

You collected 84 gold pieces.

Inventory:

Armour
 a - a +0 robe
 d - a +3 scale mail (worn)
Jewellery
 b - a +4 ring of evasion (left hand)
 h - an amulet of reflection
 i - a ring of fire
Scrolls
 f - a scroll of noise {unknown}
 g - a scroll of immolation {unknown}
Potions
 c - a potion of ambrosia {unknown}
 e - a potion of resistance {unknown}


   Skills:
 + Level 0.1 Armour
 + Level 1.5 Dodging
 + Level 1.6 Stealth
 + Level 1.8 Spellcasting
 + Level 1.2 Conjurations
 + Level 4.0 Fire Magic


You had 3 spell levels left.
You knew the following spells:

 Your Spells              Type           Power      Damage    Failure   Level
a - Foxfire               Conj/Fire      36%        2x1d5     50%         1

Your spell library contained the following spells:

 Spells                   Type           Power      Damage    Failure   Level
 Scorch                   Fire           26%        2d6       43%         2
 Conjure Flame            Conj/Fire      9%         6-21      86%         3
 Inner Flame              Hex/Fire       7%         N/A       91%         3
 Flame Wave               Conj/Fire      9%         2d6       99%         4


Dungeon Overview and Level Annotations

Branches:
Dungeon (2/15)

Altars:


Message History

You barely miss the worm.
The worm is moderately wounded.
The worm bites you but does no damage.
You hit the worm but do no damage.
The worm is lightly wounded.
Casting: Foxfire (safe; 50% risk of failure)
Press: ? - help, Q - select action Dir - look around, f - activate You conjure some foxfire!
The worm barely misses you.
You hit the worm.
The worm is lightly wounded.
The foxfire hits the worm but does no damage.
The worm is lightly wounded.
The foxfire hits the worm.
The worm is moderately wounded.
The worm bites you!
You don't have enough magic to cast this spell.
You don't have enough magic to cast this spell.
You don't have enough magic to cast this spell.
You hit the worm.
The worm is moderately wounded.
You hit the worm but do no damage.
The worm is moderately wounded.
The worm barely misses you.
You barely miss the worm.
The worm is moderately wounded.
You barely miss the worm.
The worm is moderately wounded.
The worm bites you but does no damage.
Your magical contamination has completely faded away.
You hit the worm.
The worm is moderately wounded.
The worm bites you!
* * * LOW HITPOINT WARNING * * *
You barely miss the worm.
The worm is lightly wounded.
You hit the worm.
The worm is moderately wounded.
The worm bites you!
You die...

######..........
#..........
#.....#.## ######
###...#.# #....#
###.#.# #....##
#...### #.....#
#.....#
#...############..
+@w.)...........#.
#...###########.##
###.... #.# #.####
#.# ..# #.# ###
#.# #.# #.#


You could see a worm.

Vanquished Creatures
  A dart slug (D:1)
  A worm (D:2)
  3 ball pythons (D:1)
  A giant cockroach (D:2)
  4 hobgoblins
  A quokka (D:1)
  A bat (D:2)
  2 frilled lizards (D:1)
  2 kobolds
  2 rats
18 creatures vanquished.

Vanquished Creatures (others)
  38 foxfires
38 creatures vanquished.

Grand Total: 56 creatures vanquished

Notes
Turn   | Place    | Note
-------+----------+-------------------------------------------
     0 | D:1      | pacmanke6689 the Hill Orc Fire Elementalist began the quest
                  | for the Orb.
     0 | D:1      | Reached XP level 1. HP: 14/14 MP: 3/3
    77 | D:1      | Reached XP level 2. HP: 17/20 MP: 0/4
   137 | D:1      | Found a faded altar of an unknown god.
  1008 | D:2      | Reached skill level 4 in Fire Magic
  1194 | D:2      | Slain by a worm

Illustrated notes

Levels and vault maps discovered:
D:1:      minmay_arrival_radiant_lines, layout_rooms,
          ebering_ecumenical_altar_hall
D:2:      layout_basic

Skill      XL: |  1  2 |
---------------+-------+-----
Fire Magic     | 4 |  4.0
Armour         | |  0.1
Dodging        | |  1.5
Stealth        | |  1.6
Spellcasting   | |  1.8
Conjurations   | |  1.2

Action                   || total
-------------------------++-------
Melee: Unarmed           ||    64
       Staff             ||     8
       Punch             ||     1
 Cast: Foxfire           ||    24
  Use: Potion            ||     1
Armor: Robe              ||     2
       Scale mail        ||    21
Dodge: Dodged            ||    42
